[Event "*** Titled Tuesday Blitz"]
[Site "Chess.com"]
[Date "2019.04.02"]
[Round "10"]
[White "AdrianaNikolova"]
[Black "Gahan-MG"]
[Result "0-1"]
[WhiteElo "2467"]
[BlackElo "2573"]
[TimeControl "180+2"]
[EndTime "16:19:28 PDT"]
[Termination "Gahan-MG won by resignation"]

1. e4 c5 2. Nf3 e6 3. c3 Nf6 4. e5 Nd5 5. d4 cxd4 6. cxd4 d6 7. Bc4 Bd7 8. O-O Bc6 9. Bg5 Be7 10. Bxe7 Qxe7 11.
a3 Nd7 12. Nbd2 Rc8 13. Ne4 dxe5 14. dxe5 O-O 15. Re1 Rfd8 16. Qd4 N7b6 17. Bd3 Nf4 18. Nd6 Nxd3 19. Qxd3 Rc7 20. Nd4 Nd7 21. Nxc6 bxc6 22.
f4 Nb6 23. Re3 Nd5 24. Rh3 g6 25. Rf1 c5 26. Qf3 Rxd6 27. exd6 Qxd6 28. Qg3 c4 29. Qh4 h5 30. Qg5 Qb6+ 31. Kh1 Qxb2 32. Rxh5 Qf6 33. Qg3 c3 34. Re5 c2 35. Ree1 Qc3 36. Rc1 Qd2 37.
f5 exf5 38. Rfe1 f4 39. Qf3 Ne3 40. Qe2 Qd5 41. Kg1 Kg7 42. g3 g5 43. Qf2 Qd4 44. gxf4 gxf4 45. Kh1 Rc6 46. Rg1+ Rg6 47. Rxg6+ fxg6 48.
Qe2 Qe4+ 49. Kg1 f3 50. Qf2 Qg4+ 51. Kh1 Qe4 52. Kg1 Ng4 53. Qxc2 f2+ 54. Kf1 Ne3+ 55. Kxf2 Nxc2 56. Rg1 Qe3+ 0-1

[Event "*** Titled Tuesday Blitz"]
[Site "Chess.com"]
[Date "2019.04.02"]
[Round "10"]
[White "vovachesss"]
[Black "Korchmar_Vasiliy"]
[Result "1/2-1/2"]
[WhiteElo "2544"]
[BlackElo "2800"]
[TimeControl "180+2"]
[EndTime "16:19:30 PDT"]
[Termination "Game drawn - insufficient material"]

1. d4 Nf6 2. Nf3 g6 3. Nc3 d5 4. Bg5 Nbd7 5. e3 Bg7 6. Be2 O-O 7. O-O b6 8. Ne5 Bb7 9. f4 c5 10. Qe1 cxd4 11. exd4 Ne4 12. Bh4 Rc8 13. Nxe4 dxe4 14. c3 Bd5 15. Qg3 f6 16. Nxd7 Qxd7 17. Qe3 b5 18. g4 f5 19. gxf5 gxf5 20. Kf2 Kh8 21. Rg1 Bf6 22. Bxf6+ Rxf6 23. Rg5 b4 24. Rag1 bxc3 25.
bxc3 Qa4 26. Qg3 Qxa2 27. Rh5 Rf7 28. Rh6 Bc4 29. Qe3 Bxe2 30. Qxe2 Qxe2+ 31. Kxe2 Rxc3 32.
Ra6 Rg7 33. Rxg7 Kxg7 34. Rxa7 Kf7 35. Ra5 Kf6 36. Ra6+ Kf7 37. Ra5 Kg6 38. Ra7 e6 39.
Ra6 Kf7 40. Ra7+ Kg6 41. Ra6 Kh5 42. Rxe6 Kg4 43. Rh6 Kxf4 44. Rh4+ Kg5 45. Rxh7 f4 46. Re7 Rc2+ 47. Kd1 Rxh2 48. Rxe4 f3 49. Ke1 Kf5 50.
Re8 Kf4 51. Kf1 Rd2 52. Rf8+ Ke4 53. Re8+ Kxd4 54. Rd8+ Ke3 55. Rxd2 Kxd2 56. Kf2 Kd3 57. Kxf3 1/2-1/2

[Event "*** Titled Tuesday Blitz"]
[Site "Chess.com"]
[Date "2019.04.02"]
[Round "10"]
[White "STAYFlow"]
[Black "mlchen"]
[Result "1-0"]
[WhiteElo "2263"]
[BlackElo "2374"]
[TimeControl "180+2"]
[EndTime "16:19:33 PDT"]
[Termination "STAYFlow won by resignation"]

1. d4 Nf6 2. c4 e6 3. g3 Be7 4. Nf3 O-O 5. Bg2 d5 6. O-O dxc4 7. Qc2 a6 8. a4 c6 9. Qxc4 b5 10. Qc2 Bb7 11. Nbd2 Nbd7 12. Nb3 c5 13. dxc5 Rc8 14. Be3 Bd5 15. Rfd1 Qc7 16. axb5 axb5 17. Rac1 Qb7 18. Na5 Qc7 19. b4 Be4 20. Qb2 Nd5 21. Bd4 f6 22.
Ng5 Bf5 23. e4 fxg5 24. exf5 Rxf5 25. Bxg7 Nxb4 26. Bh8 Bf6 27. Bxf6 Qxa5 28. Rxd7 Qa2 29. Qxa2 Nxa2 30. Rc2 Nb4 31. Rb2 Nd3 32. Rxd3 Rxf6 33. Rxb5 Rf5 34. Be4 Re5 35. Rd4 Rcxc5 36. Rxc5 Rxc5 37.
Rd7 h6 38. Kg2 Re5 39. Bd3 h5 40. Re7 Kf8 41. Rh7 g4 42. Bg6 Rg5 43. Bxh5 Kg8 44. Rh6 Kf8 45. h3 Kg7 46. Rg6+ Rxg6 47. Bxg6 gxh3+ 48. Kxh3 Kxg6 49. Kg4 Kf6 50. Kf4 e5+ 51. Ke4 Ke6 52.
f3 Kf6 53. Kd5 Kf5 54. g4+ Kf4 55. g5 Kxf3 56. Kxe5 Kg4 57. Kf6 Kf3 1-0

[Event "*** Titled Tuesday Blitz"]
[Site "Chess.com"]
[Date "2019.04.02"]
[Round "10"]
[White "Denis_Palkovich"]
[Black "AsaHoffmann"]
[Result "0-1"]
[WhiteElo "2223"]
[BlackElo "2198"]
[TimeControl "180+2"]
[EndTime "16:19:35 PDT"]
[Termination "AsaHoffmann won by resignation"]

1. d4 Nf6 2. Bf4 c5 3. e3 b6 4. Nf3 Bb7 5. Be2 d6 6. O-O Nbd7 7. c4 g6 8. h3 Bg7 9. Nc3 O-O 10. d5 a6 11. a4 Qc7 12. e4 Ne8 13. Bd3 Ne5 14.
Nxe5 dxe5 15. Bg3 Nd6 16. f4 exf4 17. Bxf4 Bd4+ 18. Kh1 f6 19. Qe2 Qd7 20. e5 fxe5 21.
Bxe5 Bxe5 22. Qxe5 Rxf1+ 23. Rxf1 Re8 24. Re1 Bc8 25. Ne4 Nxe4 26. Bxe4 Qd6 27. Bf3 Qxe5 28. Rxe5 Kf8 29. Bg4 Bxg4 30. hxg4 Rb8 31. Re6 b5 32.
Rxa6 bxc4 33. Rc6 Rxb2 34. Rxc5 Rb4 35. a5 Ra4 36. Kg1 Kf7 37. g5 c3 38. Rxc3 Rxa5 39. Rf3+ Ke8 40. Rd3 Kd7 41. Kf2 Kd6 42. Kf3 Rxd5 43.
Ra3 Rxg5 44. g4 Rc5 45. Kf4 h5 46. gxh5 gxh5 47. Ra6+ Rc6 48. Ra5 Rc5 49. Ra6+ Kd5 50. Rh6 Kd4 51. Re6 Rc7 52. Kg5 Kd5 53. Re1 e5 54. Kxh5 Rg7 55. Rd1+ Ke4 56. Re1+ Kf4 57. Rf1+ Ke3 58. Re1+ Kd4 59. Rd1+ Ke4 60. Re1+ Kf5 61. Rf1+ Ke6 62. Kh4 e4 63. Kh3 Ke5 64. Rf2 e3 65. Rg2 Rxg2 66. Kxg2 Ke4 67. Kg1 Kd3 68. Kf1 Kd2 0-1

[Event "*** Titled Tuesday Blitz"]
[Site "Chess.com"]
[Date "2019.04.02"]
[Round "10"]
[White "Satscho"]
[Black "nutibara"]
[Result "1-0"]
[WhiteElo "2328"]
[BlackElo "2359"]
[TimeControl "180+2"]
[EndTime "16:19:35 PDT"]
[Termination "Satscho won by checkmate"]

1. e4 c5 2. Nf3 Nc6 3. Bb5 g6 4. Bxc6 bxc6 5. c3 Bg7 6. O-O Nf6 7. Re1 O-O 8. d4 d5 9. e5 Ne4 10. Nbd2 Bf5 11. dxc5 Nxc5 12. Nb3 Ne4 13. Nfd4 Bxe5 14.
Nxc6 Bxh2+ 15. Kxh2 Qd6+ 16. g3 Qxc6 17. Nd4 Qd7 18.
Be3 e5 19. Nxf5 Qxf5 20. Kg2 Rfd8 21. Qf3 Qxf3+ 22. Kxf3 h5 23. Rad1 f5 24. Kg2 Kf7 25. f3 Nf6 26. Bg5 e4 27. Rd4 Rd7 28. Red1 exf3+ 29. Kxf3 Ne4 30. Bc1 Ke6 31. Be3 Rad8 32. Ra4 Ra8 33.
Ra6+ Rd6 34. Ra5 a6 35. Bf4 Rd7 36. c4 d4 37. Re5+ Kf6 38. Rd5 Rxd5 39. cxd5 g5 40. Bc7 Rc8 41. d6 g4+ 42. Kf4 Nf2 43. Rxd4 Nh3+ 44.
Ke3 f4+ 45. gxf4 Re8+ 46. Kd2 g3 47. d7 Rf8 48. d8=Q+ Rxd8 49. Bxd8+ Kf5 50. Rd5+ Kg4 51. Bb6 h4 52. f5 Ng5 53. f6 Ne4+ 54. Ke2 Nxf6 55.
Rd4+ Kh3 56. Kf3 Nd7 57. Rxd7 Kh2 58. Rd1 h3 59. Bc7 a5 60. Bxg3# 1-0

[Event "*** Titled Tuesday Blitz"]
[Site "Chess.com"]
[Date "2019.04.02"]
[Round "10"]
[White "NemtsevIgor"]
[Black "GCamachoMartinez"]
[Result "1/2-1/2"]
[WhiteElo "2320"]
[BlackElo "2344"]
[TimeControl "180+2"]
[EndTime "16:19:37 PDT"]
[Termination "Game drawn by agreement"]

1. d4 Nf6 2. Bf4 g6 3. Nf3 Bg7 4. e3 d6 5. Be2 O-O 6. O-O Nbd7 7. h3 c5 8. c3 a6 9. Nbd2 b5 10. a4 Rb8 11. axb5 axb5 12. Bh2 Bb7 13. Re1 c4 14.
Qc2 Qc7 15. e4 e5 16. Bf1 Ra8 17. b3 Rxa1 18. Rxa1 cxb3 19. Qxb3 Nxe4 20. dxe5 Nxd2 21. Nxd2 Bxe5 22. Bxe5 Nxe5 23. Bxb5 Rb8 24. Qa3 Bxg2 25. Kxg2 Rxb5 26. Qa8+ Kg7 27. Ne4 d5 28. Ra7 Qb8 29.
Qxb8 Rxb8 30. Nd6 Rd8 31. Nb5 Nc4 32. Rc7 h6 33. Nd4 Kf6 34. f4 Nd6 35. Rc6 Kg7 36.
Rc7 Kf8 37. Kf3 Rc8 38. Rxc8+ Nxc8 39. f5 g5 40. Nc6 Nd6 41. Nb4 Nxf5 42. Nxd5 Nd6 43.
Ke3 f5 44. Kd4 f4 45. c4 Kf7 46. c5 Nc8 47. Ke5 f3 48. Ne3 f2 49. Ke4 Ke6 50. Kf3 f1=Q+ 51. Nxf1 Kd5 52. Kg4 Ne7 53. Kh5 Nf5 54.
Kg6 Nh4+ 55. Kxh6 Nf3 56. Kh5 Kxc5 57. Nh2 Ng1 58. Kxg5 Nxh3+ 59. Kh4 1/2-1/2

[Event "*** Titled Tuesday Blitz"]
[Site "Chess.com"]
[Date "2019.04.02"]
[Round "10"]
[White "djogrodek1"]
[Black "RayRobson"]
[Result "0-1"]
[WhiteElo "2533"]
[BlackElo "2873"]
[TimeControl "180+2"]
[EndTime "16:19:41 PDT"]
[Termination "RayRobson won by checkmate"]

1. e4 e5 2. Nf3 Nc6 3. d4 exd4 4. Nxd4 Nf6 5. Nxc6 bxc6 6. e5 Qe7 7. Qe2 Nd5 8. c4 Nb6 9. Nc3 Qe6 10. Bd2 g6 11.
O-O-O Bg7 12. f4 O-O 13. h4 Ba6 14. b3 d5 15. exd6 Qxd6 16. Qf3 Rab8 17. c5 Qxc5 18.
Bxa6 Qa3+ 19. Kb1 Qxa6 20. f5 Nc4 21. f6 Bh8 22. Bc1 Qa5 23. g4 Ne5 24. Qh3 Bxf6 25. g5 Bg7 26. h5 Rfd8 27. hxg6 hxg6 28. Ne4 Rxd1 29. Rxd1 Nc4 30. Nf6+ Bxf6 31. gxf6 Nd6 32. Rf1 Qh5 33. Qxh5 gxh5 34. Rg1+ Kf8 35. Rg5 Rb5 36. Rg7 Rf5 37. Bg5 Ke8 38. Bh4 Kd7 39. Rh7 Ke6 40. a4 Ne4 41. Rh8 Nxf6 42. Ra8 Nd5 43. Rxa7 Rf4 44. Bd8 h4 45. Bxc7 Rf1+ 46. Kb2 h3 47. Bb8 h2 48. Bxh2 Rf2+ 49. Ka3 Rxh2 50.
a5 f5 51. a6 Rh8 52. Rb7 Ra8 53. a7 f4 54. Ka4 f3 55. Ka5 f2 56. Rb8 Rxa7# 0-1

[Event "*** Titled Tuesday Blitz"]
[Site "Chess.com"]
[Date "2019.04.02"]
[Round "10"]
[White "Shahinyan_ChessMood"]
[Black "Gabrielian_Artur"]
[Result "1-0"]
[WhiteElo "2638"]
[BlackElo "2741"]
[TimeControl "180+2"]
[EndTime "16:19:59 PDT"]
[Termination "Shahinyan_ChessMood won by resignation"]

1. c4 Nf6 2. Nc3 g6 3. g3 Bg7 4. Bg2 O-O 5. e4 d6 6. Nge2 c5 7. O-O Nc6 8. d3 Bd7 9. h3 a6 10. a4 Ne8 11. Be3 Nc7 12. d4 cxd4 13. Nxd4 Ne6 14.
Nde2 Rb8 15. b3 Na5 16. Rc1 b5 17. cxb5 axb5 18. b4 Nc4 19. a5 Nxe3 20. fxe3 Nc7 21. Nd5 Na6 22. Qd2 Bh6 23. Rc2 Bg7 24. Rfc1 e6 25.
Nb6 Rxb6 26. axb6 Qxb6 27. Nd4 Be5 28. g4 Rb8 29. Nc6 Bxc6 30. Rxc6 Qb7 31. Rxd6 Bxd6 32. Qxd6 Qa7 33. Kf2 e5 34. Bf1 Rb6 35. Rc8+ Kg7 36. Qf8+ Kf6 37. Qh8+ Ke7 38. Qd8+ Ke6 39. Qd5+ Kf6 40.
g5+ Kxg5 41. Qxe5+ Kh6 42. Qf4+ Kg7 43. e5 Re6 44.
Bxb5 Nc7 45. Bc4 Qb7 46. Bxe6 Nxe6 47. Qf6+ Kh6 48. Rc4 Ng7 49. Qf4+ g5 50. Qf6+ Kh5 51.
Qxg7 h6 52. Qf6 Qd7 53. Qf3+ Kg6 54. Qf6+ Kh5 55. Rd4 Qxh3 56. Qf3+ Qxf3+ 57. Kxf3 1-0

[Event "*** Titled Tuesday Blitz"]
[Site "Chess.com"]
[Date "2019.04.02"]
[Round "10"]
[White "Twiceblessed"]
[Black "IakovUlivar"]
[Result "1/2-1/2"]
[WhiteElo "2578"]
[BlackElo "2545"]
[TimeControl "180+2"]
[EndTime "16:19:59 PDT"]
[Termination "Game drawn - insufficient material"]

1. d4 Nf6 2. c4 e6 3. Nf3 d5 4. Nc3 Be7 5. g3 O-O 6. Bg2 dxc4 7. Ne5 c5 8. dxc5 Qxd1+ 9. Nxd1 Bxc5 10. Nxc4 Nd5 11.
Bd2 Bd7 12. Rc1 Nc6 13. O-O Rac8 14. Bxd5 exd5 15. Nce3 Ne7 16. Rxc5 Rxc5 17. Bb4 b6 18. Nc3 d4 19. Rd1 dxc3 20. Bxc5 Ba4 21. b3 bxc5 22. bxa4 Nc6 23. Nd5 c2 24. Rc1 Nd4 25. Kf1 Rd8 26. Ne3 g6 27. Nxc2 Nxc2 28. Rxc2 Rd1+ 29. Kg2 Rd4 30.
Rxc5 Rxa4 31. Rc2 h5 32. h3 Kg7 33. f4 h4 34. e3 hxg3 35. Kxg3 Ra3 36. Kf3 f5 37. Re2 Kf6 38. h4 Kf7 39. Rg2 Kf6 40. Rc2 Kf7 41. Rd2 Kf6 42. Re2 Kf7 43. Kf2 Kf6 44. Ke1 Kf7 45. Kd1 Kf6 46. Kc1 Ke6 47. Kb2 Rd3 48. Kc2 Ra3 49. Kb2 Rd3 50. e4 Rd4 51.
exf5+ Kxf5 52. Re7 Rxf4 53. Rxa7 Rxh4 54. a4 g5 55. a5 Kf4 56. a6 Kg3 57. Kb3 g4 58. Rb7 Rh6 59. a7 Ra6 60. Kc4 Kg2 61. Kb5 Ra1 62.
Kb6 g3 63. Rf7 Rxa7 64. Kxa7 Kh1 65. Rh7+ Kg1 66. Kb6 g2 67. Kc5 Kf2 68. Rf7+ Ke2 69.
Re7+ Kf2 70. Rf7+ Ke2 71. Rg7 Kf2 72. Rf7+ Ke2 73. Rg7 Kf2 74. Kd4 g1=Q 75. Rxg1 Kxg1 1/2-1/2

[Event "*** Titled Tuesday Blitz"]
[Site "Chess.com"]
[Date "2019.04.02"]
[Round "10"]
[White "Walter_White_Poland"]
[Black "Martins-BR"]
[Result "1-0"]
[WhiteElo "2257"]
[BlackElo "2249"]
[TimeControl "180+2"]
[EndTime "16:20:19 PDT"]
[Termination "Walter_White_Poland won by resignation"]

1. e4 c5 2. Nf3 e6 3. d4 cxd4 4. Nxd4 Nc6 5. Nc3 Qc7 6. a3 a6 7. Be3 d6 8. Be2 Bd7 9. O-O Ne5 10. f4 Nc4 11. Bxc4 Qxc4 12. f5 Nf6 13. fxe6 fxe6 14.
Qf3 Be7 15. e5 dxe5 16. Qxb7 Rd8 17. Nf3 Ng4 18. Bb6 Bc5+ 19. Kh1 Bxb6 20. Qxb6 O-O 21. h3 Rb8 22. Qd6 Nf6 23. Nxe5 Qc8 24. Rxf6 gxf6 25. Nxd7 Rxb2 26. Qxf8+ Qxf8 27. Nxf8 Rxc2 28. Nxe6 Rxc3 29. Nd4 Rd3 30. Nf3 Kf7 31. Ra2 a5 32. Kg1 a4 33.
Kf2 Ke6 34. Ke2 Rc3 35. Kd2 Rc5 36. Rb2 Kf5 37. Rb4 Ra5 38. Ke3 Kg6 39. g4 h5 40. Kf4 hxg4 41. hxg4 Kf7 42. Nh4 Ke6 43. Nf5 Kd7 44. Nd4 Kd6 45. Nb5+ Kc5 46. Nc3 Ra8 47.
Rxa4 Rc8 48. Ne4+ Kd5 49. Nxf6+ Ke6 50. Ne4 Rf8+ 51. Ke3 Re8 52. Ra6+ Kd5 53. Ra5+ Kc4 54. g5 Re6 55. Rf5 Kb3 56. Rf6 Re7 57. g6 Kxa3 58. Rf7 Re6 59. g7 Rg6 60. Kf4 Kb4 61. Ng5 Kc5 62. Kf5 1-0

[Event "*** Titled Tuesday Blitz"]
[Site "Chess.com"]
[Date "2019.04.02"]
[Round "10"]
[White "martinjogstad99"]
[Black "Lennis93"]
[Result "1-0"]
[WhiteElo "2252"]
[BlackElo "2351"]
[TimeControl "180+2"]
[EndTime "16:20:29 PDT"]
[Termination "martinjogstad99 won by checkmate"]

1. d4 Nf6 2. c4 e6 3. g3 Bb4+ 4. Bd2 Be7 5. Bg2 d5 6. Qc2 O-O 7. Nf3 Nc6 8. O-O Re8 9. Rd1 Bd6 10. Nc3 dxc4 11. e4 Nb4 12. Qb1 Bf8 13.
a3 Nc6 14. Bf4 a6 15. a4 Na5 16. Qc2 Nb3 17. Ra2 Bd7 18. e5 Nd5 19. Nxd5 exd5 20.
Ng5 g6 21. Bxd5 Be6 22. Bxe6 fxe6 23. Qxc4 Qd5 24. Qxd5 exd5 25. Rd3 Na5 26. b3 b6 27. Rc2 Rac8 28. Bd2 c5 29. Bxa5 bxa5 30. dxc5 Bxc5 31. Rxd5 Bb6 32. Rxc8 Rxc8 33. Ne4 Rc1+ 34. Kg2 Re1 35. Kf3 Rb1 36. Rd3 Kf7 37. Nd6+ Ke6 38. Nc4 Bc7 39. Ke4 Re1+ 40. Re3 Rh1 41. h4 h6 42. f4 Rd1 43.
Rd3 Re1+ 44. Ne3 h5 45. Rc3 Bd8 46. Rc6+ Kf7 47. Rxa6 Rb1 48. Rd6 Be7 49. Rd3 Bc5 50.
Kd5 Bb4 51. Kc4 Rc1+ 52. Kb5 Rc5+ 53. Kb6 Rc1 54. Nd5 Be1 55. Kb5 Ke6 56. Nb6 Bf2 57.
Nc4 Rg1 58. Rd6+ Kf7 59. Nd2 Rxg3 60. Ne4 Rxb3+ 61. Kxa5 Be1+ 62. Ka6 Rb4 63. Ng5+ Kg7 64. e6 Rxa4+ 65. Kb7 Rb4+ 66. Kc6 Rc4+ 67. Kd7 Ba5 68.
e7 Rc7+ 69. Ke6 Rc8 70. Rd7 Re8 71. Ne4 Bb4 72. Nf6 Rxe7+ 73. Rxe7+ Bxe7 74. Kxe7 g5 75. fxg5 Kg6 76. Nd5 Kg7 77. Nf4 Kh7 78. Kf8 Kh8 79. Kf7 Kh7 80. g6+ Kh6 81. g7 Kh7 82. g8=Q+ Kh6 83.
Qh8# 1-0

[Event "*** Titled Tuesday Blitz"]
[Site "Chess.com"]
[Date "2019.04.02"]
[Round "10"]
[White "JSMastropiero"]
[Black "SlavenPastar"]
[Result "0-1"]
[WhiteElo "2218"]
[BlackElo "2422"]
[TimeControl "180+2"]
[EndTime "16:20:41 PDT"]
[Termination "SlavenPastar won by resignation"]

1. d4 d5 2. Nf3 Nf6 3. c4 dxc4 4. e3 Bg4 5. Bxc4 e6 6. O-O Nc6 7. Nc3 Bd6 8. h3 Bh5 9. Be2 O-O 10. Qb3 Rb8 11.
Rd1 a6 12. e4 Bxf3 13. Bxf3 e5 14. dxe5 Nxe5 15. Be2 Nc6 16. Be3 Qe7 17. Bg5 Qe6 18. Bc4 Qe5 19. Bxf6 Qxf6 20. Bd5 Nd4 21. Qc4 c5 22. Ne2 b5 23. Qd3 Ne6 24. Bxe6 fxe6 25. Qxd6 Qxf2+ 26. Kh1 Qxe2 27. Qxe6+ Kh8 28. Rd7 Rf1+ 29.
Rxf1 Qxf1+ 30. Kh2 Qf4+ 31. Kg1 Rf8 32. Rd1 h6 33.
Kh1 Rf6 34. Qc8+ Kh7 35. Qxc5 Qxe4 36. Qc1 Rg6 37. Rg1 Rg3 38. Kh2 Qe5 39. Qc2+ Rd3+ 40. Kh1 Qe4 41. Qc8 Rd2 42. Qxa6 Rxb2 43. Qa3 Rc2 44. Qb3 b4 45. Qb1 Qg6 46. Qb3 Qe4 47.
Qb1 Re2 48. Qxe4+ Rxe4 49. Rb1 Kg6 50. Kg1 Kf5 51. Kf2 Ke5 52. Kf3 Rc4 53. Rb2 Rc3+ 54.
Ke2 Rc4 55. Kd3 Rd4+ 56. Kc2 Kd5 57. Kb3 Kc5 58. Rc2+ Kb5 59. Rf2 Rd3+ 60. Kb2 Ka4 61.
h4 h5 62. Rf7 Rd2+ 63. Kb1 Rxg2 64. Ra7+ Kb5 65. Rb7+ Kc4 66. Rc7+ Kd4 67. Rd7+ Kc5 68.
Rc7+ Kb6 69. Rc4 Kb5 70. Rc8 Rg4 71. Rb8+ Kc4 72. Rc8+ Kd3 73. Rd8+ Ke3 74. Re8+ Kf3 0-1

[Event "*** Titled Tuesday Blitz"]
[Site "Chess.com"]
[Date "2019.04.02"]
[Round "10"]
[White "penguingm1"]
[Black "Andreikka"]
[Result "1-0"]
[WhiteElo "2959"]
[BlackElo "2859"]
[TimeControl "180+2"]
[EndTime "16:20:45 PDT"]
[Termination "penguingm1 won on time"]

1. d4 Nf6 2. c4 g6 3. f3 Nc6 4. d5 Ne5 5. e4 d6 6. Nc3 Bg7 7. f4 Ned7 8. Nh3 Nc5 9. Nf2 O-O 10. Be2 e6 11. O-O Re8 12. Bf3 a5 13. Re1 e5 14.
fxe5 Rxe5 15. Bf4 Nfd7 16. Ng4 Re8 17. Nh6+ Bxh6 18. Bxh6 Ne5 19. Be2 Qh4 20. Qd2 Nxe4 21. Nxe4 Qxe4 22. Rad1 Bd7 23. Qg5 Qf5 24. Qh4 g5 25.
Bxg5 Ng6 26. Qg3 Qe5 27. Qxe5 Rxe5 28. Bf6 Re4 29. Bd3 Rxe1+ 30. Rxe1 Nf4 31. Bc2 c6 32.
Re7 Be8 33. g3 Nh5 34. Bc3 cxd5 35. cxd5 b5 36. a3 Rc8 37. Bf5 Ra8 38. Bxa5 Kf8 39. Rxe8+ Kxe8 40. Bb4 Ke7 41. Bd2 Rg8 42. Bxh7 Rc8 43.
Bd3 Rc5 44. Be4 Rc4 45. Bf3 Ng7 46. Bc3 Nf5 47. Kf2 Nd4 48. Bd1 Nf5 49. Bc2 Nh6 50.
h3 f6 51. Ke3 Nf7 52. Bd3 Rc5 53. Be4 Ne5 54. h4 Kf7 55. h5 Kg7 56. Kf4 Rc4 57. Kf5 Nd7 58. Bd2 Nc5 59. h6+ Kf7 60.
Bf3 Rc2 61. Bh5+ Kg8 62. Bc3 Rf2+ 63. Kg6 Ne4 64. Bd4 Rg2 65. h7+ Kh8 66. g4 Rd2 67.
Be3 Rxd5 68. Bh6 Rg5+ 69. Bxg5 fxg5 70. Kf5 Nd2 71. Bf7 Kxh7 72. Kxg5 Kg7 73. Bd5 Nc4 74. Bxc4 bxc4 75. Kf4 d5 76. Ke5 1-0

[Event "*** Titled Tuesday Blitz"]
[Site "Chess.com"]
[Date "2019.04.02"]
[Round "10"]
[White "norwaytoadog"]
[Black "KRASAVCHIK2002"]
[Result "1-0"]
[WhiteElo "2252"]
[BlackElo "2377"]
[TimeControl "180+2"]
[EndTime "16:20:49 PDT"]
[Termination "norwaytoadog won by checkmate"]

1. e4 c5 2. Nf3 d6 3. Bb5+ Nd7 4. d4 cxd4 5. Qxd4 a6 6. Bxd7+ Bxd7 7. c4 e5 8. Qd1 Be7 9. Nc3 Be6 10. Nd5 Bxd5 11. cxd5 Nf6 12. Qd3 O-O 13. O-O Rc8 14. Bd2 Qd7 15. h3 Bd8 16. Be3 Qa4 17. Nd2 Ba5 18. f3 Bxd2 19. Bxd2 Qc4 20. Qxc4 Rxc4 21. Rfc1 Rfc8 22.
Rxc4 Rxc4 23. Rc1 Rxc1+ 24. Bxc1 Nd7 25. b3 Kf8 26. Ba3 Ke7 27. Kf2 f5 28. Ke3 Nf6 29. g4 fxe4 30. fxe4 Kd7 31. Bb4 Ne8 32. Ba5 Nf6 33.
a4 Ke7 34. Bb6 Nd7 35. Ba5 Nc5 36. Bb6 Nxb3 37. a5 Kd7 38. Kd3 g5 39. Ke3 Nc5 40. Kf3 Na4 41. Be3 h6 42. h4 gxh4 43. Kg2 Nc3 44. Bxh6 Nxe4 45. Be3 Nf6 46. Kh3 Nxd5 47.
Bd2 b5 48. axb6 Nxb6 49. Kxh4 Ke6 50. Kh5 Kf7 51. Kh6 Nd5 52. g5 Ne7 53. Bb4 e4 54. Bxd6 Nf5+ 55. Kh7 Nxd6 56. g6+ Ke6 57. g7 Nf5 58.
g8=Q+ Ke5 59. Qe8+ Kf4 60. Kg6 Ng3 61. Qf7+ Ke3 62. Qb3+ Kf2 63. Kg5 e3 64. Kg4 Nf1 65. Qf7+ Ke2 66. Qc4+ Kf2 67. Qf4+ Ke2 68. Qf3+ Kd2 69.
Qxf1 e2 70. Qf2 Kd1 71. Qf3 Kd2 72. Qd5+ Ke3 73. Qe5+ Kf2 74. Qd4+ Kf1 75. Qd3 Kf2 76. Qd2 Kf1 77. Kf3 e1=Q 78. Qg2# 1-0

[Event "*** Titled Tuesday Blitz"]
[Site "Chess.com"]
[Date "2019.04.02"]
[Round "10"]
[White "wannabe2700"]
[Black "Heineccius"]
[Result "1-0"]
[WhiteElo "2596"]
[BlackElo "2499"]
[TimeControl "180+2"]
[EndTime "16:20:50 PDT"]
[Termination "wannabe2700 won on time"]

1. e4 c5 2. Nf3 e6 3. d4 cxd4 4.
Nxd4 a6 5. Bd3 Bc5 6. Nb3 Be7 7. Qg4 g6 8. O-O d6 9. c4 Nf6 10. Qe2 O-O 11. Nc3 Nbd7 12. f4 Qc7 13. Be3 b6 14. Rac1 Bb7 15. h3 Rfe8 16. Qf2 Nc5 17. Nxc5 bxc5 18. f5 gxf5 19. exf5 e5 20. g4 Kh8 21. g5 Rg8 22. Kh2 Nh5 23. f6 Bxf6 24. Qh4 e4 25. Be2 Be5+ 26. Kg1 Ng3 27. Bg4 Nxf1 28. Rxf1 Qe7 29. Bf5 f6 30. Nxe4 Bc8 31. Bxc8 Raxc8 32. Kh1 Rcf8 33. gxf6 Bxf6 34. Rxf6 Rxf6 35.
Qxf6+ Qxf6 36. Nxf6 Rf8 37. Nd5 Rf1+ 38. Kg2 Rb1 39.
b3 Rb2+ 40. Kf3 Rxa2 41. Bf4 Rb2 42. Bxd6 Rxb3+ 43. Kg4 a5 44. Bxc5 a4 45. Kf5 Kg7 46.
Nc3 a3 47. Ke4 Kf7 48. Bd4 Ke6 49. h4 Rb2 50. Nd5 Re2+ 51. Kd3 Rh2 52. Nb4 Rxh4 53. c5 Rh3+ 54. Kc4 Rh4 55. c6 Kd6 56. Kc3 h5 57.
Be5+ Ke7 58. Bf6+ Kxf6 59. c7 Rh1 60. c8=Q Rc1+ 61. Nc2 a2 62. Qa6+ Kg5 63. Qxa2 h4 64. Qg8+ Kf5 65. Qh7+ Kg5 66. Qg7+ Kf5 67. Kd2 Rf1 68.
Ne3+ 1-0

[Event "*** Titled Tuesday Blitz"]
[Site "Chess.com"]
[Date "2019.04.02"]
[Round "10"]
[White "DACF2905"]
[Black "GMKrikor"]
[Result "0-1"]
[WhiteElo "2093"]
[BlackElo "2709"]
[TimeControl "180+2"]
[EndTime "16:20:54 PDT"]
[Termination "GMKrikor won by resignation"]

1. e4 c5 2. Nf3 e6 3. d4 cxd4 4. Nxd4 Nc6 5. Nc3 a6 6. Be3 Nf6 7. Be2 Bb4 8. Qd3 Ne5 9. Qd1 Nxe4 10. O-O Bxc3 11. bxc3 Nxc3 12. Qd2 Nxe2+ 13. Qxe2 O-O 14. f4 Nc6 15. Nxc6 dxc6 16. Rad1 Qa5 17. Bd4 f6 18. f5 e5 19. Be3 Qxa2 20. Rf3 Qf7 21. Rdf1 a5 22. Rh3 a4 23. Qg4 Kh8 24. Qh4 Qg8 25.
Rg3 Rf7 26. Bh6 Bd7 27. Rxg7 Rxg7 28. Qxf6 Qf7 29. Qxe5 Re8 30. Qd4 Kg8 31. Bxg7 Qxg7 32. f6 Qf7 33. Qxa4 Be6 34. Qh4 Kh8 35. Rf3 Rg8 36.
Qd4 h6 37. Qf4 Rg6 38. Qb8+ Kh7 39. Qd8 Bd5 40. Rf2 Rg8 41. Qd6 Re8 42. h3 Re6 43.
Qd8 Re8 44. Qd6 Qg6 45. Qc7+ Bf7 46. Qxb7 Re1+ 47. Kh2 Re6 48. Rf3 Rxf6 49. Rg3 Qf5 50. Qe7 Qf4 51. Qf8 Bg6 52. Qe7+ Rf7 53. Qe6 Qf6 54.
Qe2 Re7 55. Qc4 Qe6 56. Qd4 Qe5 57. Qd8 h5 58. h4 Rf7 59. Kh3 Qe6+ 60. Kh2 Qe5 61.
Kh3 Qf5+ 62. Kh2 Qf4 63. Kh3 Qf5+ 64. Kh2 Qf6 65. Qd2 Qxh4+ 66. Rh3 Qf4+ 67. Qxf4 Rxf4 68. Rc3 Be4 69. Rc5 Kg6 70. Kg3 Rg4+ 71. Kf2 Rxg2+ 72.
Ke3 Bd5 73. c3 h4 74. Ra5 h3 75. Ra1 h2 76. Rh1 Re2+ 77. Kxe2 Bxh1 78. Kd3 Bg2 79. Ke2 h1=Q 0-1

[Event "*** Titled Tuesday Blitz"]
[Site "Chess.com"]
[Date "2019.04.02"]
[Round "10"]
[White "nurgyulsalimova"]
[Black "vugarrasulov"]
[Result "1/2-1/2"]
[WhiteElo "2548"]
[BlackElo "2833"]
[TimeControl "180+2"]
[EndTime "16:20:55 PDT"]
[Termination "Game drawn - insufficient material"]

1. e4 e6 2. d4 d5 3. Nc3 Bb4 4. e5 Ne7 5. a3 Bxc3+ 6. bxc3 c5 7. Qg4 cxd4 8. cxd4 Qc7 9. Ra2 Nf5 10. Nf3 Nc6 11.
Bd3 h5 12. Qf4 Ncxd4 13. Nxd4 Qc3+ 14. Bd2 Qxd4 15. Bxf5 Qxf4 16. Bxf4 exf5 17. O-O Be6 18. Rb2 b6 19. a4 Rc8 20. a5 bxa5 21. Ra1 O-O 22.
Rxa5 Rc7 23. h4 Rfc8 24. Be3 Rc4 25. Rxa7 d4 26. Bg5 Rxc2 27. Rxc2 Rxc2 28. Ra8+ Kh7 29.
Rd8 Rc4 30. f3 f4 31. Bxf4 d3 32. Bg5 Bf5 33. Kf2 Rc2+ 34. Kg3 Re2 35. Rd5 Rc2 36. Rd6 Rc4 37. Rd8 Rc3 38. Rd6 Be6 39. Bd2 Rb3 40.
Bg5 Kg6 41. Rd4 Kf5 42. Bf4 Ra3 43. Rd8 Ra4 44. Bg5 Bc4 45. Bf4 Ra6 46. Rd4 Rg6+ 47. Bg5 Bb5 48. Rd5 Rb6 49. Rd6 Rb7 50. Rd5 Ke6 51.
Rd6+ Kxe5 52. Bf4+ Kf5 53. Rd5+ Ke6 54. Rd6+ Ke7 55.
Rd5 g6 56. Re5+ Kf6 57. Rd5 Ke6 58. Rd6+ Ke7 59. Rd5 f6 60. Rd4 Ba6 61. Rd6 g5 62.
hxg5 fxg5 63. Rxa6 gxf4+ 64. Kxf4 d2 65. Ra1 Kf6 66.
Rd1 Rb2 67. Ke3 Rb3+ 68. Ke2 Kg5 69. Rxd2 Kf4 70. Kf2 Rb4 71. g3+ Kg5 72. Rd5+ Kg6 73. Kg2 Rb3 74. Rd6+ Kg5 75. f4+ Kf5 76. Rh6 Rb2+ 77.
Kh3 Ke4 78. Rxh5 Kf3 79. Ra5 Rb8 80. Ra3+ Ke4 81. Ra1 Kf3 82. Rf1+ Ke4 83. f5 Ke5 84. g4 Kf6 85. Kg3 Kg5 86. f6 Rb3+ 87. Kg2 Rb2+ 88.
Kg3 Rb3+ 89. Kg2 Rb2+ 90. Kg1 Rb8 91. f7 Rf8 92. Kg2 Kxg4 93. Rf2 Kg5 94. Kg3 Kg6 95. Kg4 Kg7 96. Kg5 Rb8 97. f8=Q+ Rxf8 98. Rxf8 Kxf8 1/2-1/2